 Dungeon Crawl Stone Soup version 0.19.1 (webtiles) character file.

40 SQman the Magician (level 3, -1/28 HPs)
             Began as a Draconian Wanderer on Dec 21, 2016.
             Slain by an adder (3 damage)
             ... on level 2 of the Dungeon.
             The game lasted 00:07:40 (1313 turns).

SQman the Magician (Draconian Wanderer)             Turns: 1313, Time: 00:07:40

Health: -1/28      AC:  5    Str: 13    XL:     3   Next: 30%
Magic:  3/7        EV: 11    Int: 16    God:
Gold:   144        SH:  0    Dex:  8    Spells: 3 memorised, 3 levels left

rFire  x . .     SeeInvis .     d - +0 club
rCold  + . .     Gourm    .     (armour unavailable)
rNeg   . . .     Faith    .     (no shield)
rPois  .         Spirit   .     (helmet restricted)
rElec  .         Reflect  .     (no cloak)
rCorr  .         Harm     .     (no gloves)
MR     .....                    (no boots)
Stlth  +.........               (no amulet)
                                (no ring)
                                m - ring of ice

@: no status effects
A: unfitting armour, cold-blooded, AC +5
a: no special abilities


You were on level 2 of the Dungeon.
You were not hungry.

You visited 1 branch of the dungeon, and saw 2 of its levels.

You collected 144 gold pieces.

Inventory:

Hand Weapons
 d - a +0 club (weapon)
Missiles
 j - a throwing net (quivered)
Jewellery
 m - a ring of ice (left hand)
 n - a cursed ring of teleportation {unknown}
Scrolls
 e - a scroll of identify
Books
 a - a book of Minor Magic

   Spells                             Type                      Level
   a - Magic Dart                     Conjuration                  1
   b - Blink                          Translocation                2
   c - Call Imp                       Summoning                    2
   d - Repel Missiles                 Charms/Air                   2
   e - Slow                           Hexes                        2
   f - Conjure Flame                  Conjuration/Fire             3
   g - Mephitic Cloud                 Conjuration/Poison/Air       3
 b - Sif Muna's Collected Works on the Rocks

   Spells                             Type                      Level
   a - Sandblast                      Earth                        1
   b - Stone Arrow                    Conjuration/Earth            3
 c - Kikubaaqudgha's Incunabulum of Stolen Souls

   Spells                             Type                      Level
   a - Corpse Rot                     Necromancy                   2
   b - Sublimation of Blood           Necromancy                   2
Comestibles
 f - 2 bread rations
 g - 4 fruits
 h - a meat ration
 k - a beef jerky
 l - 3 chunks of flesh


   Skills:
 + Level 1.2 Fighting
 + Level 0.8(1.1) Maces & Flails
   Level 1.0(1.1) Staves
 + Level 1.0 Dodging
 + Level 0.2 Stealth
 + Level 3.1 Spellcasting
 + Level 0.4 Conjurations
 + Level 2.0 Necromancy
   Level 1.0 Ice Magic
   Level 2.0 Evocations


You had 3 spell levels left.
You knew the following spells:

 Your Spells              Type           Power        Failure   Level  Hunger
a - Magic Dart            Conj           #...         17%         1    None
b - Corpse Rot            Necr           N/A          14%         2    ##.....
c - Call Imp              Summ           #.......     30%         2    ##.....


Dungeon Overview and Level Annotations

Branches:
Dungeon (2/15)

Altars:


Innate Abilities, Weirdness & Mutations

Your plain brown scales are hard. (AC +5)
You cannot fit into any form of body armour.
You are cold-blooded and may be slowed by cold attacks.


Message History

You miss the adder. The adder bites you but does no damage.
The adder bites you.
Your magical contamination has completely faded away.
You miss the adder. The hobgoblin hits you with a club.
* * * LOW HITPOINT WARNING * * *
The adder closely misses you.
You barely miss the adder. The adder barely misses you.
The hobgoblin barely misses you. The adder bites you but does no damage.
You closely miss the adder.
The hobgoblin hits you but does no damage.
The adder bites you but does no damage. The hobgoblin hits you with a club.
* * * LOW HITPOINT WARNING * * *
You closely miss the adder. The adder bites you.
* * * LOW HITPOINT WARNING * * *
The adder bites you.
* * * LOW HITPOINT WARNING * * *
The hobgoblin hits you but does no damage.
The rat bites you but does no damage.
You barely miss the adder. The adder bites you.
You die...

#####.# ....
.......#.... #..8._.8.
.......#....####...8.8..
.............#......8...
.............#..........
........................
......##.....%..........
.........# #...rSg....#
.#.......###....@g....#
......................#
........................
........................
............>...........
.....<..................
........................
........................
......................


You could see an adder, a hobgoblin, a goblin and a rat.

Vanquished Creatures
  An adder (D:2)
  3 leopard geckos
  2 bats
  3 giant cockroaches
  2 goblins
  4 hobgoblins
  4 kobolds (D:1)
  A ball python (D:1)
  3 frilled lizards (D:1)
  5 rats
28 creatures vanquished.

Notes
Turn   | Place    | Note
-------+----------+-------------------------------------------
     0 | D:1      | SQman the Draconian Wanderer began the quest for the Orb.
     0 | D:1      | SQman set off with: a book of Minor Magic, Sif Muna's Collected Works on the Rocks, Kikubaaqudgha's Incunabulum of Stolen Souls, a +0 club, a bread ration
     0 | D:1      | Reached XP level 1. HP: 16/16 MP: 3/3
     0 | D:1      | Identified Sif Muna's Collected Works on the Rocks
     0 | D:1      | Identified Kikubaaqudgha's Incunabulum of Stolen Souls
     2 | D:1      | Learned a level 1 spell: Magic Dart
   284 | D:1      | Reached XP level 2. HP: 9/23 MP: 2/5
   305 | D:1      | Learned a level 2 spell: Corpse Rot
   308 | D:1      | Learned a level 2 spell: Call Imp
   832 | D:1      | Reached skill level 3 in Spellcasting
  1234 | D:2      | Reached XP level 3. HP: 15/28 MP: 1/7
  1292 | D:2      | HP: 1/28 [poisoned by an adder]
  1302 | D:2      | Found a faded altar of an unknown god.
  1313 | D:2      | Slain by an adder

Skill      XL: |  1  2 |
---------------+-------+-----
Spellcasting   | 3 |  3.1
Fighting       | |  1.2
Maces & Flails | |  0.8
Staves         | |  1.0
Dodging        | |  1.0
Stealth        | |  0.2
Conjurations   | |  0.4
Necromancy     | |  2.0
Ice Magic      | |  1.0
Evocations     | |  2.0

Action                   || total
-------------------------++-------
Melee: Club              ||    83
       Tailslap          ||     6
Throw: Throwing net      ||     1
 Cast: Magic Dart        ||    36
       Call Imp          ||     1
       Corpse Rot        ||     1
  Use: Potion            ||     2
       Scroll            ||     5
  Eat: Chunk             ||     2
Armor: Skin              ||    39
Dodge: Dodged            ||    61
